Map: Ephemeron LE

Players

Awers

  • Race: Terran Terran
  • Spawn Location: 5:00

HeroMarine - Winner!

  • Race: Terran Terran
  • Spawn Location: 11:00

Event: IEM Katowice 2020

VOD

Have the link to the VOD?

Description

Time

  • Played on: Feb. 24, 2020, 4:17 a.m.
  • Length: 13:35

All games in this series

Show
View Real Time Build Order
Export as new Build Order

Awers Terran 

Build Orders: 2 Factory, Cyclone Opening, Mech 

Get SALT Encoding   

  12  0:00  SCV  
  13  0:13  SCV  
  14  0:17  Supply Depot  
  14  0:26  SCV  
  14  0:28  Refinery  
  15  0:39  SCV  
  16  0:45  Barracks  
  16  0:51  SCV  
  16  0:55  Refinery  
  17  1:03  SCV  
  18  1:15  SCV  
  19  1:31  Reaper  
  19  1:32  Orbital Command  
  20  1:36  Factory  
  20  1:44  Supply Depot  
  20  1:57  SCV  
  21  2:04  Reaper  
  22  2:10  SCV  
  23  2:20  Factory Tech Lab  
  23  2:22  SCV  
  24  2:31  Command Center  
  24  2:37  SCV  
  24  2:40  Cyclone  
  28  2:44  Mag-Field Accelerator  
  28  2:49  SCV  
  29  2:54  Supply Depot  
  28  3:02  SCV  
  28  3:03  Factory  
  29  3:14  SCV  
  30  3:20  Cyclone  
  30  3:26  SCV  
  33  3:38  SCV  
  33  3:40  Refinery  
  34  3:44  Orbital Command  
  34  3:47  Factory Tech Lab  
  34  3:53  SCV  
  34  3:55  Cyclone  
  38  4:01  Refinery  
  38  4:05  SCV  
  39  4:17  SCV x2  
  40  4:19  Cyclone  
  44  4:29  SCV  
  44  4:30  SCV  
  46  4:33  Command Center  
  45  4:40  Siege Tank  
  45  4:42  SCV  
  50  4:45  SCV  
  50  4:49  Supply Depot  
  50  4:54  SCV  
  51  5:00  SCV  
  51  5:02  Starport  
  52  5:09  SCV  
  53  5:14  SCV, Factory  
  54  5:21  SCV  
  54  5:26  Siege Tank  
  54  5:27  SCV  
  59  5:33  SCV  
  60  5:40  Starport Reactor  
  60  5:42  SCV, Supply Depot  
  61  5:45  Siege Tank  
  64  5:51  Orbital Command  
  64  5:53  SCV  
  65  5:57  Factory Reactor  
  65  5:59  SCV, Supply Depot  
  66  6:07  Siege Tank  
  66  6:08  SCV  
  70  6:12  Orbital Command  
  70  6:16  Liberator x2  
  70  6:17  SCV  
  77  6:24  SCV  
  78  6:29  SCV, Siege Tank  
  82  6:36  SCV, Widow Mine x2  
  82  6:37  Engineering Bay  
  82  6:38  SCV  
  82  6:39  Supply Depot  
  88  6:42  SCV  
  89  6:48  SCV  
  89  6:50  Refinery  
  89  6:51  Siege Tank  
  89  6:53  Refinery  
  93  6:54  SCV, Supply Depot  
  93  7:00  SCV  
  92  7:03  SCV  
  92  7:05  Siege Tank  
  96  7:12  SCV  
  96  7:15  Viking x2, SCV  
  98  7:18  SCV  
  95  7:28  SCV  
  93  7:32  SCV  
  94  7:44  SCV  
  94  7:45  Viking  
  93  7:53  Siege Tank  
  93  7:59  SCV  
  93  8:04  Viking  
  93  8:09  SCV x2  
  93  8:11  SCV, Missile Turret  
  93  8:19  Armory  
  93  8:20  Factory  
  93  8:21  SCV, Factory  
  93  8:22  SCV  
  93  8:23  SCV  
  83  8:34  Viking  
  83  8:39  SCV  
  86  8:42  Viking, Command Center  
  86  8:43  SCV x2  
  86  8:47  Siege Tank x2  
  96  8:49  Hellion x2  
  96  8:51  SCV  
  99  9:00  SCV  
  100  9:06  Viking  
  102  9:11  Factory Tech Lab  
  102  9:12  Factory Reactor  
  102  9:13  Terran Vehicle Weapons Level 1  
  102  9:15  Hellion x2  
  106  9:19  Supply Depot x2, Cyclone  
  106  9:20  Supply Depot  
  109  9:24  Supply Depot  
  109  9:26  Infernal Pre-Igniter  
  109  9:41  Hellion x2, Siege Tank x2  
  109  9:43  Supply Depot  
  119  9:52  Hellion  
  101  10:07  Viking  
  95  10:09  SCV  
  95  10:13  SCV  
  96  10:14  SCV  
  96  10:15  Orbital Command  
  96  10:20  Siege Tank  
  96  10:21  SCV, Hellion x3, Siege Tank  
  108  10:22  Sensor Tower  
  108  10:23  Missile Turret  
  108  10:25  SCV  
  108  10:26  SCV  
  109  10:37  Hellion, Siege Tank  
  109  10:41  Viking  
  109  10:42  Viking  
  118  10:43  SCV x2  
  118  10:44  SCV  
  121  10:54  Hellion, Siege Tank  
  121  10:55  Hellion  
  106  11:11  Liberator x2  
  106  11:15  Hellion x3, Siege Tank  
  114  11:19  SCV x3  
  117  11:30  Command Center  
  117  11:31  SCV  
  118  11:38  Siege Tank  
  118  11:39  Hellion  
  123  11:47  Hellion x2, Siege Tank  
  123  11:48  SCV x2  
  123  11:53  SCV, Orbital Command  
  133  11:59  Missile Turret, Refinery  
  133  12:00  SCV, Missile Turret x2  
  134  12:02  Refinery  
  119  12:09  Viking  
  119  12:10  Viking, Hellion x2  
  127  12:19  Missile Turret  
  127  12:20  SCV x2  
  128  12:22  Sensor Tower  
  128  12:24  SCV x2  
  130  12:32  SCV x2  
  130  12:35  Hellion, Siege Tank x2  
  140  12:38  SCV  
  136  12:47  Hellion x2, Siege Tank  
  136  12:50  Missile Turret  
  136  12:58  Hellion  
  136  13:03  Hellion  
Show
View Real Time Build Order
Export as new Build Order

HeroMarine Terran - Winner!

Build Orders:  

Get SALT Encoding   

  12  0:00  SCV  
  13  0:12  SCV  
  14  0:17  Supply Depot  
  14  0:25  SCV  
  15  0:29  Refinery  
  15  0:39  SCV  
  16  0:44  Barracks  
  16  0:51  SCV  
  16  0:55  Refinery  
  17  1:03  SCV  
  18  1:15  SCV  
  19  1:31  Orbital Command  
  19  1:33  Factory  
  19  1:37  Reaper  
  20  1:46  Supply Depot  
  20  1:56  SCV  
  21  2:08  SCV  
  21  2:09  Reaper  
  23  2:16  Hellion  
  23  2:20  SCV  
  26  2:32  SCV  
  26  2:35  Command Center  
  27  2:38  Widow Mine  
  27  2:41  Barracks Reactor  
  29  2:45  Supply Depot  
  29  2:46  SCV  
  30  2:59  SCV, Starport  
  30  3:00  Factory Tech Lab  
  31  3:11  SCV  
  32  3:17  Marine x2  
  34  3:21  Siege Tank  
  34  3:24  SCV  
  38  3:32  Refinery  
  38  3:35  Marine  
  38  3:36  Starport Tech Lab  
  39  3:47  SCV, Orbital Command, Marine  
  41  3:54  Siege Tank  
  43  3:58  Banshee  
  43  4:01  SCV  
  47  4:05  Marine  
  47  4:06  Marine  
  49  4:13  SCV  
  49  4:16  SCV  
  49  4:19  Supply Depot  
  49  4:23  Marine x2  
  49  4:25  SCV  
  49  4:30  SCV  
  50  4:34  Siege Tank  
  50  4:37  SCV  
  52  4:41  Raven  
  52  4:42  SCV  
  52  4:43  Marine x2  
  57  4:45  Supply Depot  
  57  4:51  SCV  
  58  4:54  SCV  
  56  5:01  Marine x2  
  56  5:03  SCV  
  56  5:06  SCV  
  60  5:07  Command Center  
  60  5:13  Siege Tank  
  63  5:15  SCV  
  63  5:18  SCV  
  65  5:21  Supply Depot  
  65  5:28  SCV  
  68  5:29  Raven, Marine x2  
  70  5:43  SCV x2  
  70  5:47  Marine x2  
  74  5:55  SCV, Engineering Bay, Refinery, Siege Tank  
  74  5:56  Engineering Bay  
  78  5:58  Supply Depot  
  78  6:14  SCV x2  
  80  6:19  Orbital Command  
  80  6:23  Viking x2  
  80  6:24  Stimpack  
  84  6:26  SCV  
  84  6:28  SCV, Barracks  
  84  6:31  Barracks, Siege Tank  
  89  6:35  Marine  
  89  6:39  SCV  
  91  6:40  SCV  
  91  6:41  Terran Infantry Weapons Level 1, Terran Infantry Armor Level 1  
  91  6:46  Orbital Command  
  92  6:51  SCV  
  92  6:52  SCV  
  92  6:53  Barracks  
  94  6:56  Barracks  
  94  6:59  Viking  
  96  7:03  SCV, Viking  
  96  7:05  SCV  
  99  7:13  Siege Tank  
  99  7:14  Marine  
  99  7:15  SCV  
  101  7:19  SCV  
  101  7:21  SCV  
  103  7:27  SCV  
  103  7:29  Viking  
  101  7:31  SCV  
  101  7:32  Barracks Reactor x2  
  101  7:33  SCV  
  102  7:39  SCV  
  102  7:40  Marine  
  102  7:43  SCV  
  103  7:44  Barracks Tech Lab x2  
  103  7:45  SCV  
  98  7:51  SCV  
  98  7:56  SCV  
  98  7:57  SCV  
  99  8:00  Marauder  
  99  8:03  SCV  
  104  8:05  Marauder  
  104  8:06  Combat Shield, Marauder  
  104  8:08  SCV, Concussive Shells  
  104  8:09  SCV  
  106  8:15  SCV  
  107  8:20  SCV  
  107  8:21  SCV  
  109  8:28  SCV, Medivac  
  109  8:29  Medivac  
  109  8:31  Marauder x2  
  109  8:32  SCV  
  109  8:34  SCV  
  100  8:36  Marine x3  
  100  8:37  Marine  
  100  8:38  Marauder  
  100  8:40  SCV  
  105  8:44  SCV  
  105  8:46  SCV  
  107  8:53  Marauder  
  107  8:55  Refinery x2  
  109  8:56  Supply Depot x2  
  109  9:03  SCV  
  109  9:05  SCV, Marine  
  109  9:06  Marine x3  
  109  9:15  SCV x2, Medivac, Marauder x2  
  109  9:16  Command Center  
  117  9:17  Medivac, Marauder, Siege Tank  
  117  9:19  Armory  
  117  9:22  Marine  
  117  9:23  Marine x3  
  126  9:27  SCV  
  126  9:29  SCV x2, Starport  
  126  9:30  Supply Depot  
  129  9:36  Marauder x2  
  133  9:43  Supply Depot  
  133  9:52  Viking x2, Marine x4  
  141  9:56  Marauder  
  141  9:58  Marauder  
  141  10:01  Marauder  
  132  10:09  Marine x4  
  133  10:16  Starport Reactor  
  133  10:18  Marauder, Terran Infantry Weapons Level 2  
  133  10:19  Marauder  
  133  10:20  Starport  
  137  10:22  Medivac x2, Marauder  
  137  10:27  Marine x4  
  147  10:35  SCV x2  
  148  10:37  SCV  
  148  10:39  Marauder  
  148  10:40  Marauder  
  153  10:43  Terran Ship Weapons Level 1, Supply Depot, Marauder  
  153  10:47  SCV  
  153  10:48  SCV  
  153  10:49  SCV  
  158  10:52  Viking x2  
  162  11:01  Marauder  
  162  11:03  Marauder  
  160  11:04  Refinery  
  160  11:06  SCV x2  
  160  11:07  SCV, Refinery  
  160  11:09  Viking x2  
  160  11:11  Marine x2  
  151  11:16  Starport Reactor  
  144  11:20  Siege Tank  
  144  11:21  Marine x3  
  144  11:22  Viking x2  
  149  11:27  Marauder x2  
  149  11:28  Planetary Fortress  
  153  11:39  Medivac x2  
  156  11:40  Marauder  
  156  11:48  Marauder  
  156  11:49  Marauder  
  156  11:50  Marine x2  
  156  11:52  Viking  
  156  11:53  Viking  
  156  11:54  Viking  
  168  11:55  Missile Turret  
  168  11:57  Viking  
  172  12:01  Marauder  
  164  12:09  Viking, Marauder, Marine x2  
  164  12:10  Viking  
  172  12:18  Marine  
  172  12:22  Supply Depot x2  
  172  12:27  Barracks  
  172  12:43  Viking x2, Marauder, Marine x2  
  172  12:44  Marauder, Marine  
  183  12:48  Marauder, Marine  
  183  12:52  Liberator  
  183  12:55  Fusion Core  
  183  12:57  Command Center  
  188  13:00  Supply Depot  
  188  13:01  Marine x3  
  188  13:05  Marauder x2, Marine  

Tags
 
Add a new tag
Caveats
  • Supply blocks, unpowered buildings, or Contaminate may cause inaccurate times.
  • Supply counts are checked every 10 seconds.